[Event "St Kilda East and Caulfield Chess Club T3 2025 Under 1600 Mondays"]
[Site "St Kilda East, Australia"]
[Date "2025.08.04"]
[Round "2.2"]
[White "Longe, Mathieu"]
[Black "O'Connor, Alistair"]
[Result "0-1"]
[TimeControl "60 minutes per player per game plus 10 secionds per move from move one"]
[WhiteElo "630"]
[BlackElo "1053"]

1. e4 e6 2. d4 d5 3. e5 c5 4. c3 Qb6 5. Nf3 Bd7 6. Be2 Bb5 7. O-O Bxe2 8. Qxe2 Nc6 9. b3 Nge7 10.
Qe3 Nf5 11. Qd3 cxd4 12. cxd4 Nfxd4 13. Nxd4 Qxd4 14. Qxd4 Nxd4 15. Nd2 Bb4 16. a3 Bc3 17. Ra2 Ne2+ 18. Kh1 Nxc1 19. Rxc1 Bxe5 20.
Rac2 O-O 21. g3 Rad8 22. f4 Bd6 23. b4 f6 24. Nf3 Rfe8 25. Nd4 a6 26. f5 e5 27. Ne6 Rd7 28. h4 h5 29.
Nc5 Bxc5 30. Rxc5 d4 31. Kg2 e4 32. Kf2 e3+ 33. Ke1 d3 34. Rd1 Re5 35. Rc3 d2+ 36. Ke2 Rde7 37. a4 Kf7 38.
Rd3 g6 39. fxg6+ Kxg6 40. Rb1 Rc7 41. Rbb3 Rc1 42. b5 Re1+ 43. Kf3 d1=Q+ 44. Rxd1 Rxd1 45. Rxe3 Rxe3+ 46. Kxe3 axb5 47. axb5 Rb1 48. Kd4 0-1

[Event "St Kilda East and Caulfield Chess Club T3 2025 Under 1600 Mondays"]
[Site "St Kilda East, Australia"]
[Date "2025.08.04"]
[Round "2.5"]
[White "Shore, Isaac"]
[Black "Hennessy, Rob"]
[Result "0-1"]
[TimeControl "60 minutes per player per game plus 10 secionds per move from move one"]
[WhiteElo "562"]
[BlackElo "979"]

1. d4 d5 2. c4 c6 3. Nc3 Bf5 4.
Nf3 e6 5. Bd2 Nf6 6. g3 Bd6 7. c5 Bc7 8. Bg2 O-O 9. O-O Nbd7 10. Re1 Re8 11. Ng5 h6 12. e4 Bg4 13. Nf3 dxe4 14.
Nxe4 Nxe4 15. Rxe4 Nf6 16. Re1 Bxf3 17. Bxf3 Qxd4 18. Bc3 Qxd1 19. Rc1 Qxe1+ 20.
Rxe1 Nd5 0-1

[Event "St Kilda East and Caulfield Chess Club T3 2025 Under 1600 Mondays"]
[Site "St Kilda East, Australia"]
[Date "2025.08.04"]
[Round "2.3"]
[White "Budianto, Youshan"]
[Black "Nguyen, Tai"]
[Result "1-0"]
[TimeControl "60 minutes per player per game plus 10 secionds per move from move one"]
[WhiteElo "1032"]
[BlackElo "749"]

1. e4 e5 2. Nf3 Nc6 3. Bc4 Bc5 4.
O-O Nf6 5. d3 O-O 6. Bg5 d6 7. Nc3 h6 8. Bh4 Be6 9. Bb3 Qe7 10. Nd5 Bxd5 11. exd5 Nb4 12. c3 Na6 13. Re1 Qd8 14.
d4 exd4 15. cxd4 Bb6 16. a4 c6 17. dxc6 bxc6 18. d5 g5 19. Nxg5 Nc7 20. dxc6 hxg5 21. Bxg5 Kg7 22. Qd3 Bxf2+ 23. Kxf2 Ng4+ 24. Kg1 Qxg5 25. Qd4+ Nf6 26. Re3 Qc5 27. Rg3+ Kh6 28. Qxc5 dxc5 29. Rf1 Nh5 30. Rh3 Kg6 31.
Bc2+ Kh6 32. Rf5 Kg7 33. Rhxh5 Ne6 34.
Rf3 Rh8 35. Rg3+ Kf6 36. Rf5+ Ke7 37. Bb3 Rhf8 38. Bxe6 fxe6 39. Rxc5 Kd6 40. Rgc3 Rac8 41. c7 Rf7 42. h4 Rcxc7 43. Rxc7 Rxc7 44. Rxc7 Kxc7 45. h5 Kd6 46. h6 e5 47. h7 e4 48. h8=Q e3 49. Qd4+ Kc6 50. Qxe3 Kd5 1-0

[Event "St Kilda East and Caulfield Chess Club T3 2025 Under 1600 Mondays"]
[Site "St Kilda East, Australia"]
[Date "2025.08.04"]
[Round "2.4"]
[White "Nash, Paul"]
[Black "Fineberg, Leo"]
[Result "1-0"]
[TimeControl "60 minutes per player per game plus 10 secionds per move from move one"]
[WhiteElo "1009"]
[BlackElo "631"]

1. e4 c5 2. c3 d6 3. d4 b6 4. Bb5+ Bd7 5. Bxd7+ Nxd7 6. Nf3 Ngf6 7. Qe2 e6 8. O-O Be7 9.
e5 Nd5 10. c4 Nb4 11. a3 Nc6 12. Bf4 Qc7 13. Nc3 cxd4 14. Nb5 Qb8 15. exd6 Bf8 16. Nc7+ Kd8 17. Ng5 e5 18. Nxf7+ Kc8 19.
Nxh8 exf4 20. Qe8+ Kb7 21. Qxd7 Bxd6 22. Nxa8+ Kxa8 23. Qxc6+ Qb7 24. Qxb7+ Kxb7 25. Nf7 Be7 26. Rfe1 Bf6 27.
Ne5 Bxe5 28. Rxe5 g6 29. Rd5 d3 30. Rd1 d2 31. R1xd2 f3 32. gxf3 Ka6 33. b4 h5 34. c5 bxc5 35. Rxc5 g5 36. Rd6+ Kb7 37.
Rxg5 a5 38. Rg7+ Kc8 39. Rf6 Kd8 40. Rf8# 1-0

[Event "St Kilda East and Caulfield Chess Club T3 2025 Under 1600 Mondays"]
[Site "St Kilda East, Australia"]
[Date "2025.08.04"]
[Round "2.1"]
[White "Beckman, John"]
[Black "Yu, Brandon"]
[Result "0-1"]
[TimeControl "60 minutes per player per game plus 10 secionds per move from move one"]
[WhiteElo "1201"]
[BlackElo "816"]

1. e4 d5 2. e5 Nc6 3. d4 f6 4. f4 Bf5 5. Bb5 Qd7 6. Nc3 a6 7. Ba4 e6 8. a3 b5 9. Bb3 Nge7 10.
Be3 Na5 11. Ba2 Nc4 12. Bc1 Nc6 13. b3 Nb6 14. h3 Qf7 15. Nf3 Qg6 16. Nh4 Qg3+ 17. Kf1 Qxh4 18. Qf3 Nxd4 19. Qd1 Nxc2 20.
Rb1 Bc5 21. Qd2 Ne3+ 22. Qxe3 Bxe3 23. Bxe3 Bxb1 24. Bxb1 O-O-O 25. Ne2 fxe5 26. g3 Qe7 27. Bc1 d4 28. Kg2 Nd5 29. Bb2 d3 30. Nc3 exf4 31. gxf4 Nxc3 32.
Bxc3 Qxa3 33. Be5 d2 34. Bc2 Qc1 35. Bd1 Rd3 36. Kf2 Rxh3 37. Rg1 Rd8 38. Ke2 Rdd3 39. Bxg7 Rhe3+ 40. Kf2 Rf3+ 41.
Bxf3 Rxf3+ 42. Kxf3 Qxg1 43. Be5 d1=Q+ 44. Ke4 Qe2# 0-1